 Dungeon Crawl Stone Soup version 0.25-a0-558-g78a2afb0af (webtiles) character file.

Game seed: 13077098496424155529, levelgen mode: deterministic

6 Aggronaut the Vexing (level 1, 0/10 HPs)
             Began as a Vampire Enchanter on Feb 25, 2020.
             Slain by a jackal (2 damage)
             ... on level 1 of the Dungeon.
             The game lasted 00:01:13 (521 turns).

Aggronaut the Vexing (Vampire Enchanter)             Turns: 521, Time: 00:01:13

Health: 0/10       AC:  3    Str:  7    XL:     1   Next: 75%
Magic:  3/3        EV: 12    Int: 17    God:
Gold:   19         SH:  0    Dex: 14    Spells: 3/4 levels left

rFire    . . .     SeeInvis +   a - +1 dagger
rCold    + + .     Gourm    .   (no shield)
rNeg     + + +     Faith    .   e - +0 leather armour
rPois    ∞         Spirit   .   (no helmet)
rElec    .         Reflect  .   (no cloak)
rCorr    .         Harm     .   (no gloves)
MR       .....                  (no boots)
Stlth    ++++......             (no amulet)
HPRegen  0.00/turn              g - ring of attention (curse)
MPRegen  0.08/turn              (no ring)

@: bloodless
A: no food, fangs 3, see invisible, unbreathing
a: Revivify


You were on level 1 of the Dungeon.
You were bloodless.

You visited 1 branch of the dungeon, and saw 1 of its levels.

You collected 19 gold pieces.

Inventory:

Hand Weapons
 a - a +1 dagger (weapon)
Armour
 b - a +0 robe
 e - a +0 leather armour (worn)
Jewellery
 g - a cursed ring of attention (left hand)
Scrolls
 d - a scroll of noise
 f - a scroll of remove curse {unknown}


   Skills:
 - Level 1.1 Short Blades
 - Level 2.1 Dodging
 + Level 4.6 Stealth
 - Level 2.0 Spellcasting
 * Level 4.8 Hexes


You had 3 spell levels left.
You knew the following spells:

 Your Spells              Type           Power        Failure   Level  Hunger
a - Corona                Hex            ###....      4%          1    N/A

Your spell library contained the following spells:

 Spells                   Type           Power        Failure   Level  Hunger
 Confusing Touch          Hex            ###.....     12%         3    N/A
 Tukima's Dance           Hex            ###.....     12%         3    N/A
 Ensorcelled Hibernation  Hex/Ice        ##....       16%         2    N/A
 Dazzling Flash           Conj/Hex       ##....       32%         3    N/A

Dungeon Overview and Level Annotations

Branches:
Dungeon (1/15)

Altars:


Innate Abilities, Weirdness & Mutations

You do not eat.
You do not regenerate when monsters are visible.
You are frail without blood (-20% HP).
You can heal yourself when you bite living creatures.
You are immune to poison.
You have razor-sharp teeth.
You have supernaturally acute eyesight. (SInv)
You can survive without breathing.


Message History

You see here a giant cockroach corpse.
You barely miss the jackal. The jackal bites you.
* * * LOW HITPOINT WARNING * * *
The jackal closely misses you.
You hit the jackal.
The jackal is moderately wounded.
The jackal misses you.
The jackal bites you but does no damage.
The jackal barely misses you.
You hit the jackal.
The jackal is almost dead.
The jackal bites you but does no damage.
The jackal barely misses you.
The jackal bites you but does no damage.
You barely miss the jackal.
The jackal is almost dead.
The jackal barely misses you. The jackal bites you.
* * * LOW HITPOINT WARNING * * *
The jackal barely misses you. The jackal bites you.
You die...

#..... #.# ...###########
.#.....#####.# #......#.....
...........#.####............
.............................
h..#.....###..#..............
.h........##..#..###.#)#.....
.>##..#...##......#[.###.....
#......######.###†#(#.....
..........h@###.)..#(.......
..####...##h....#(#.###.....
.. #...##.....###.)# ..... .
#...##.....#.#.###..##.
##########.........##
##....##### .######.####
........# ♣♣♣♣♣. ........#
♣...P.


You could see 2 jackals.

Vanquished Creatures
  2 giant cockroaches (D:1)
  A goblin (D:1)
  A hobgoblin (D:1)
  A kobold (D:1)
5 creatures vanquished.

Notes
Turn   | Place    | Note
-------+----------+-------------------------------------------
     0 | D:1      | Aggronaut the Vampire Enchanter began the quest for the
                  | Orb.
     0 | D:1      | Reached XP level 1. HP: 13/13 MP: 3/3
   521 | D:1      | Slain by a jackal

Levels and vault maps discovered:
D:1:      psy_arrival_fountain, layout_rooms, minmay_heptomino_h4

Action                   || total
-------------------------++-------
Melee: Dagger            ||    47
       Bite              ||     1
 Abil: Exsanguinate      ||     1
  Use: Scroll            ||     1
 Stab: Sleeping          ||     1
Armor: Leather armour    ||     8
       Robe              ||     4
Dodge: Dodged            ||    36

Table legend:
 A = Non-vault XP
 B = Vault XP
 C = Vault XP percentage of total XP
 D = Non-vault monster count
 E = Vault monster count
 F = Vault count percentage of total count
                 A         B        C        D         E       F
            +---------+---------+-------+---------+---------+-------
      Total |       5 |       4 |  44.4 |       3 |       2 |  40.0
            +---------+---------+-------+---------+---------+-------
        D:1 |       5 |       4 |  44.4 |       3 |       2 |  40.0
            +---------+---------+-------+---------+---------+-------
